 Dungeon Crawl Stone Soup version 0.30-a0-305-g026cb31310 (webtiles) character file.

Game seed: 6719703713357570895

19 EdirashGloemor the Trooper (level 2, -9/25 HPs)
             Began as a Barachi Cinder Acolyte on Oct 23, 2022.
             Was a High Priest of Ignis.
             Mangled by a kobold
             ... wielding a +2 whip of electrocution
              (15 damage)
             ... on level 2 of the Dungeon.
             The game lasted 00:01:54 (977 turns).

EdirashGloemor the Trooper (Barachi Cinder Acolyte)  Turns: 977, Time: 00:01:55

Health: -9/25      AC:  5    Str: 15    XL:     2   Next: 75%
Magic:  4/4        EV: 10    Int: 14    God:    Ignis [*****.]
Gold:   67         SH:  0    Dex:  7    Spells: 3/3 levels left

rFire   + . .      SeeInvis .    a - -1 mace (flame)
rCold   . . .      Faith    .    (no shield)
rNeg    . . .      Spirit   .    c - +0 ring mail
rPois   .          Reflect  .    (no helmet)
rElec   .          Harm     .    (no cloak)
rCorr   .          Rampage  .    (no gloves)
Will    .....                    (no boots)
Stlth   ..........               (no amulet)
HPRegen 0.24/turn                (no ring)
MPRegen 0.09/turn                (no ring)

@: slow
A: amphibious, slowness 1, strong legs 1, +LOS
a: Hop, Renounce Religion, Fiery Armour, Foxfire Swarm, Rising Flame


You were on level 2 of the Dungeon.
You worshipped Ignis.
Ignis was extremely pleased with you.
You visited 1 branch of the dungeon, and saw 2 of its levels.

You collected 67 gold pieces.


Innate Abilities, Weirdness & Mutations

You are amphibious.
You cover ground slowly.
You can hop short distances.
You have an extended range of vision and can be seen from far away.


   Skills:
 + Level 3.8 Fighting
 * Level 3.6 Maces & Flails
 + Level 1.0 Armour
 + Level 1.4 Spellcasting
 + Level 3.4 Fire Magic


You had 3 spell levels left.
You didn't know any spells.
Your spell library contained the following spells:

 Spells                   Type           Power      Damage    Failure   Level
 Scorch                   Fire           20%        2d6       19%         2

Inventory:

Hand Weapons
 a - a -1 mace of flaming (weapon)
Missiles
 Q - 13 stones (quivered)
Armour
 b - a +0 robe
 c - a +0 ring mail (worn)
Scrolls
 d - a scroll of butterflies {unknown}
 f - a scroll of enchant armour {unknown}
 g - a scroll of amnesia {unknown}
 h - a scroll of teleportation {unknown}
Potions
 e - a potion of brilliance {unknown}

Dungeon Overview and Level Annotations

Branches:
Dungeon (2/15) Zot: 10838

Altars:

#.##.#.# #.##.#.#
#.##.#.# #.##.#.#
#.##.#.# ..
#.##.#.# ....
#.##.#.#
......######.##.#.#
#.....K@......#.#
##########.####.#
#.# #.# #.# #.# ..#
#.# ### #.# #.# #.#
#.#


You could see a kobold.


Message History

The quokka bites you but does no damage.
You closely miss the quokka. The quokka barely misses you.
You hit the quokka. You burn the quokka.
You kill the quokka!
No target in view!
No target in view!
You see here a quokka corpse.
Found a stone staircase leading down.
There is a stone staircase leading down here.
A kobold comes into view.
It is wielding a +2 whip of electrocution.
The kobold shouts!
The kobold throws a stone.
The stone hits you but does no damage.
The kobold throws a stone.
The stone hits you but does no damage.
The kobold throws a stone.
The stone barely misses you.
The kobold throws a stone.
The stone hits you but does no damage.
The kobold hits you with a +2 whip of electrocution.
You are electrocuted!
Ouch! That really hurt!
* * * LOW HITPOINT WARNING * * *
You take 19 damage, and have 6/25 hp.
MASSIVE DAMAGE!!
You miss the kobold. The kobold barely misses you.
The kobold hits you but does no damage.
You miss the kobold.
The kobold hits you with a +2 whip of electrocution.
* * * LOW HITPOINT WARNING * * *
You closely miss the kobold. The kobold hits you but does no damage.
You are electrocuted!
Ouch! That really hurt!
You die...

Skill      XL: |  1  2 |
---------------+-------+-----
Armour         | 1 |  1.0
Fighting       | |  3.8
Maces & Flails | |  3.6
Spellcasting   | |  1.4
Fire Magic     | |  3.4

Action                   || total
-------------------------++-------
Melee: Mace              ||    53
       Punch             ||     1
Throw: Stone             ||     3
Armor: Ring mail         ||    24
       Robe              ||     1
Dodge: Dodged            ||    37

Levels and vault maps discovered:
D:1:      lemuel_arrival_rhombus, layout_basic, basic_ecumenical_altar
D:2:      layout_basic, uniq_robin

Notes
Turn   | Place    | Note
-------+----------+-------------------------------------------
     0 | D:1      | EdirashGloemor the Barachi Cinder Acolyte began the quest
                  | for the Orb.
     0 | D:1      | Reached XP level 1. HP: 18/18 MP: 2/2
    68 | D:1      | Found a faded altar of an unknown god.
   122 | D:1      | Reached XP level 2. HP: 25/25 MP: 3/3
   645 | D:1      | Reached skill level 1 in Armour
   973 | D:2      | HP: 6/25 [kobold/+2 whip of electrocution (14)]
   977 | D:2      | Mangled by a kobold

Vanquished Creatures
  4 bats (D:1)
  An endoplasm (D:1)
  2 goblins (D:1)
  A hobgoblin (D:1)
  A quokka (D:2)
  A ball python (D:1)
  5 kobolds (D:1)
  3 rats (D:1)
18 creatures vanquished.

Table legend: (Time is in decaauts)
 A = Elapsed time spent in this place.
 B = Non-inter-level travel time spent in this place.
 C = Inter-level travel time spent in this place.
 D = Time resting spent in this place.
 E = Time spent auto-exploring this place.
 F = Levels seen in this place.
 G = Mean time per level.
                   A        B        C        D        E       F      G
               +--------+--------+--------+--------+--------+-----+--------+
         Total |   1160 |   1019 |    141 |     30 |    831 |   2 |  580.0 |
       Dungeon |   1160 |   1019 |    141 |     30 |    831 |   2 |  580.0 |
               +--------+--------+--------+--------+--------+-----+--------+

Top non-repeatable levels by time:
     D:1: 1055 daAuts
     D:2: 104 daAuts

Table legend:
 A = Kills in this place as a percentage of kills in entire the game.
 B = Kills by you in this place as a percentage of kills by you in the entire game.
 C = Kills by friends in this place as a percentage of kills by friends in the entire game.
 D = Other kills in this place as a percentage of other kills in the entire game.
 E = Experience gained in this place as a percentage of experience gained in the entire game.
 F = Experience gained in this place divided by the number of levels of this place that you have seen.
                   A       B       C       D       E      F
               +-------+-------+-------+-------+-------+----------------------
         Total | 100.0 | 100.0 |   N/A |   N/A | 100.0 |  14.0
       Dungeon | 100.0 | 100.0 |   N/A |   N/A | 100.0 |  14.0
               +-------+-------+-------+-------+-------+----------------------

Table legend:
 A = Non-vault XP
 B = Vault XP
 C = Vault XP percentage of total XP
 D = Non-vault monster count
 E = Vault monster count
 F = Vault count percentage of total count
                 A         B        C        D         E       F
            +---------+---------+-------+---------+---------+-------
      Total |      28 |       0 |   0.0 |      18 |       0 |   0.0
            +---------+---------+-------+---------+---------+-------
        D:1 |      26 |       0 |   0.0 |      17 |       0 |   0.0
        D:2 |       2 |       0 |   0.0 |       1 |       0 |   0.0
            +---------+---------+-------+---------+---------+-------
